 Dungeon Crawl Stone Soup version 0.23-a0-375-g66a18ee (webtiles) character file.

7676 emperorscorpion the Slicer (level 11, -13/56 HPs)
             Began as a Vine Stalker Skald on Oct 24, 2018.
             Was a Believer of Uskayaw.
             Killed from afar by Josephine (20 damage)
             ... with a ghostly fireball
             ... on level 10 of the Dungeon on Oct 26, 2018.
             The game lasted 00:29:25 (9472 turns).

emperorscorpion the Slicer (Vine Stalker Skald)     Turns: 9472, Time: 00:29:26

Health: -13/56     AC:  9    Str: 14    XL:     11   Next: 19%
Magic:  0/17       EV: 12    Int: 13    God:    Uskayaw [**....]
Gold:   861        SH:  4    Dex: 17    Spells: 14/17 levels left

rFire    . . .     SeeInvis .   a - +2 rapier (venom)
rCold    + . .     Gourm    +   v - +0 buckler
rNeg     . . .     Faith    .   C - +1 ring mail of Suamniuv {-Tele MR+++ Regen+ rCorr}
rPois    +         Spirit   +   (no helmet)
rElec    .         Reflect  .   (no cloak)
rCorr    +         Harm     .   s - +1 pair of gloves
MR       ++++.     NoTele   +   j - +0 pair of boots
Stlth    +++.......             r - amulet of the gourmand
HPRegen  1.38/turn              o - ring of poison resistance
MPRegen  0.15/turn              p - ring of stealth

@: slowed, heavily drained, very slow
A: fangs 3, hooves 1, cold resistance 1, regeneration 2, magic shield, antimagic
bite, no potion heal 3, rot immunity
a: Stomp, Line Pass, Renounce Religion


You were on level 10 of the Dungeon.
You worshipped Uskayaw.
Uskayaw was noncommittal.
You were completely stuffed.

You visited 2 branches of the dungeon, and saw 11 of its levels.
You also visited: Bailey.

You collected 861 gold pieces.

Inventory:

Hand Weapons
 a - a +2 rapier of venom (weapon)
 w - a +1 antimagic halberd
 F - a +1 short sword
Missiles
 e - 6 javelins
 t - 36 poisoned needles
 B - 6 needles of sleeping
 E - 19 tomahawks
 I - 6 throwing nets (quivered)
Armour
 b - a +0 leather armour
 j - a +0 pair of boots (worn)
 m - a +4 chain mail
 n - a +0 pair of gloves
 s - a +1 pair of gloves (worn)
 v - a +0 buckler (worn)
 x - a +3 leather armour of cold resistance
 C - the +1 ring mail of Suamniuv (worn) {-Tele MR+++ Regen+ rCorr}
   (You found it in a bailey)

   It affects your resistance to hostile enchantments.
   It prevents most forms of teleportation.
   It increases your rate of regeneration.
   It provides partial protection from all sources of acid and corrosion.
Jewellery
 o - a ring of poison resistance (left hand)
 p - a ring of stealth (right hand)
 r - an amulet of the gourmand (around neck)
 y - a cursed ring of stealth
 J - a +2 amulet of reflection {unknown}
 N - a +4 ring of strength {unknown}
Wands
 z - a wand of random effects (6)
 D - a wand of polymorph (37)
 K - a wand of digging (14)
 L - a wand of disintegration (18)
Scrolls
 c - 13 scrolls of identify
 g - 5 scrolls of enchant armour
 i - 4 scrolls of enchant weapon
 k - 4 scrolls of teleportation
 u - 5 scrolls of remove curse
 G - 3 scrolls of amnesia
Potions
 f - 2 potions of lignification
 h - 3 potions of curing
 q - a potion of haste
 A - a potion of agility
 H - 2 potions of magic {unknown}
 M - a potion of might
Comestibles
 d - 19 rations
 l - 2 chunks of flesh


   Skills:
 + Level 5.2(3.4) Fighting
 + Level 8.5(6.6) Short Blades
 + Level 1.3(0.0) Throwing
 + Level 3.9(2.2) Armour
 + Level 5.1(3.3) Dodging
 + Level 7.1(5.2) Stealth
 * Level 3.5(1.8) Shields
 * Level 3.7(2.0) Spellcasting
 * Level 4.6(2.9) Charms
 * Level 2.9(1.3) Necromancy
 * Level 5.5(3.7) Invocations
 + Level 0.4(0.0) Evocations


You had 14 spell levels left.
You knew the following spells:

 Your Spells              Type           Power        Failure   Level  Hunger
r - Regeneration          Chrm/Necr      #.........   65%         3    ####...

Your spell library contained the following spells:

 Spells                   Type           Power        Failure   Level  Hunger
 Infusion                 Chrm           #...         21%         1    ##.....
 Song of Slaying          Chrm           #.......     30%         2    ###....
 Animate Skeleton         Necr           N/A          38%         1    ##.....
 Shroud of Golubria       Chrm/Tloc      #.........   50%         2    ###....
 Apportation              Tloc           #.....       56%         1    ##.....
 Beastly Appendage        Tmut           #.....       56%         1    ##.....
 Confusing Touch          Hex            #.....       56%         1    ##.....
 Magic Dart               Conj           #...         56%         1    ##.....
 Summon Small Mammal      Summ           #...         56%         1    ##.....
 Blink                    Tloc           N/A          71%         2    ###....
 Call Imp                 Summ           #.......     71%         2    ###....
 Slow                     Hex            #.......     71%         2    ###....
 Sticks to Snakes         Tmut           #.......     71%         2    ###....
 Spectral Weapon          Hex/Chrm       #.......     75%         3    ####...
 Conjure Flame            Conj/Fire      #.......     90%         3    ####...
 Mephitic Cloud           Conj/Pois/Air  #.......     90%         3    ####...
 Spider Form              Tmut/Pois      #.........   90%         3    ####...
 Ice Form                 Ice/Tmut       #.......     100%        4    #####..
 Blade Hands              Tmut           #.........   100%        5    ######.


Dungeon Overview and Level Annotations

Branches:
Dungeon (10/15)            Temple (1/1) D:4
   Lair: D:8-11         Orc: D:9-12

Altars:
Ashenzari
Cheibriados
Dithmenos
Elyvilon
Fedhas
Gozag
Hepliaklqana
Kikubaaqudgha
Makhleb
Nemelex Xobeh
Okawaru
Qazlal
Ru
Sif Muna
Trog
Uskayaw
Vehumet
Wu Jian
Xom
Yredelemnul
Zin
The Shining One

Shops:
D:4 !

Annotations:
D:4 Duvessa, Sigmund
D:10 Josephine


Innate Abilities, Weirdness & Mutations

You have razor-sharp teeth.
You heal very quickly.
When hurt, damage is shared between your health and your magic reserves.
Your bite disrupts and absorbs the magic of your enemies.
Potions cannot restore your health.
You are immune to rotting.
You have large cloven feet.
Your flesh is cold resistant. (rC+)


Message History

The ghostly flame explodes!
The ghostly fireball engulfs you!
You feel drained.
* * * LOW HITPOINT WARNING * * *
The ghostly fireball engulfs Josephine.
Josephine completely resists.
The ghostly fireball engulfs the wraith.
The wraith completely resists.
The wraith hits you.
* * * LOW HITPOINT WARNING * * *
The wraith drains your vigour!
You feel as though you will be slow longer.
You hit the wraith. You bite the wraith, but do no damage.
The wraith is severely damaged.
A wraith comes into view.
You block Josephine's attack. You block the wraith's attack.
The wraith hits you.
* * * LOW HITPOINT WARNING * * *
The wraith drains your vigour!
You feel as though you will be slow longer.
Josephine grins evilly.
Josephine points at you and mumbles some strange words.
The ghostly flame explodes!
The ghostly fireball engulfs you!
You feel drained.
You die...

##.##..>..# .#.......###
#.....##..### ##..##
#.....# ....# #.###.#
....####.# #[##
..#...##.# #..#########.
##..#.##.####...#WWW....
.........<......@@#
#.......#######W###
#...##........#..
(.............###.
...###........# .. ..##
#........# .#
#..############ .#
##........ . #########


You could see Josephine and 4 wraiths.

Vanquished Creatures
  Nergalle (D:10)
  Pikel (D:7)
  An ugly thing (D:9)
  Joseph (D:7)
  A troll (D:8)
  Prince Ribbit (D:7)
  Grinder (D:3)
  A hungry ghost (D:8)
  3 slaves (D:7)
  2 ice beasts
  3 sky beasts
  7 orc warriors
  An eye of draining (D:8)
  A necrophage (D:8)
  2 ogres
  2 centaurs
  A crocodile (D:7)
  A big kobold (D:9)
  2 bullfrogs
  8 gnoll sergeants (Bailey)
  5 scorpions
  Dowan (D:4)
  A water moccasin skeleton (D:8)
  4 killer bees (D:8)
  12 wights
  A howler monkey (D:5)
  A bullfrog zombie (D:6)
  3 crimson imps
  A quasit (D:7)
  3 orc priests
  8 hounds
  2 jellies
  7 gnoll shamans
  9 orc wizards
  Jessica (D:3)
  Natasha (D:4)
  A centaur skeleton (D:2)
  2 iguanas
  7 worker ants
  A hound zombie (D:6)
  3 worker ant zombies
  26 gnolls
  10 adders
  2 shadow imps (D:5)
  3 oozes
  An adder zombie (D:8)
  3 adder skeletons
  A worm (D:3)
  4 leopard geckos
  30 orcs
  2 ball pythons
  2 bats (D:1)
  3 giant cockroaches
  16 goblins
  6 hobgoblins
  10 kobolds
  10 quokkas
  A giant cockroach zombie (D:6)
  A jackal skeleton (D:4)
  2 quokka zombies (D:6)
  7 rats
255 creatures vanquished.

Notes
Turn   | Place    | Note
-------+----------+-------------------------------------------
     0 | D:1      | emperorscorpion the Vine Stalker Skald began the quest for
                  | the Orb.
     0 | D:1      | Reached XP level 1. HP: 11/11 MP: 4/4
   413 | D:1      | Reached XP level 2. HP: 15/15 MP: 6/6
   456 | D:1      | Reached skill level 2 in Short Blades
   618 | D:1      | Upgraded the game from 0.23-a0-370-gf497b7c to
                  | 0.23-a0-375-g66a18ee
   725 | D:2      | Reached skill level 1 in Armour
  1092 | D:2      | Reached XP level 3. HP: 15/18 MP: 4/7
  1175 | D:2      | Gained mutation: Your natural rate of healing is unusually
                  | fast. [Vine Stalker growth]
  1175 | D:2      | Reached XP level 4. HP: 9/23 MP: 4/8
  1607 | D:3      | Reached XP level 5. HP: 27/27 MP: 9/9
  1754 | D:3      | Noticed Jessica
  1763 | D:3      | Killed Jessica
  2036 | D:3      | Noticed Grinder
  2085 | D:3      | Killed Grinder
  2085 | D:3      | Reached skill level 3 in Short Blades
  2085 | D:3      | Reached skill level 1 in Stealth
  2085 | D:3      | Reached skill level 1 in Shields
  2085 | D:3      | Reached XP level 6. HP: 32/32 MP: 8/10
  2237 | D:3      | Found a glowing golden altar of the Shining One.
  2421 | D:4      | Found Efecag's Distillery.
  2444 | D:4      | Found a staircase to the Ecumenical Temple.
  2450 | D:4      | Reached skill level 4 in Short Blades
  2454 | D:4      | Noticed Dowan
  2454 | D:4      | Noticed Natasha
  2455 | D:4      | Noticed Duvessa
  2601 | D:4      | Reached XP level 7. HP: 35/35 MP: 11/11
  2646 | D:4      | Noticed Sigmund
  2759 | D:4      | Killed Natasha
  2808 | D:4      | Killed Dowan
  2829 | Temple   | Entered the Ecumenical Temple
  2972 | Temple   | Became a worshipper of Uskayaw the Reveler
  3012 | D:4      | Reached * piety under Uskayaw
  3072 | D:4      | Reached ** piety under Uskayaw
  3078 | D:4      | Reached *** piety under Uskayaw
  3114 | D:4      | Found a blossoming altar of Fedhas.
  3238 | D:5      | Entered Level 5 of the Dungeon
  3360 | D:5      | Found a bloodstained altar of Trog.
  3363 | D:5      | Reached **** piety under Uskayaw
  3364 | D:5      | Reached skill level 5 in Short Blades
  3531 | D:5      | Gained mutation: You have razor-sharp teeth. [Vine Stalker
                  | growth]
  3531 | D:5      | Reached XP level 8. HP: 7/40 MP: 2/12
  3623 | D:5      | Learned a level 3 spell: Regeneration
  3784 | D:5      | Identified a scroll of acquirement
  4447 | D:5      | Reached skill level 6 in Short Blades
  4523 | D:6      | Reached skill level 1 in Invocations
  4697 | D:6      | Reached XP level 9. HP: 43/45 MP: 13/13
  5591 | D:7      | Reached skill level 5 in Stealth
  5599 | D:7      | Reached skill level 7 in Short Blades
  5801 | D:7      | Noticed Pikel
  5848 | D:7      | Noticed Joseph
  5852 | D:7      | Killed Joseph
  5869 | D:7      | Noticed Prince Ribbit
  5887 | D:7      | Killed Prince Ribbit
  5900 | D:7      | Reached ***** piety under Uskayaw
  6031 | D:7      | Killed Pikel
  6031 | D:7      | Reached XP level 10. HP: 44/51 MP: 14/14
  6124 | D:7      | Reached skill level 5 in Fighting
  6130 | D:7      | Found a snail-covered altar of Cheibriados.
  6491 | D:8      | Found a hazy altar of Hepliaklqana.
  6491 | D:8      | Found a flagged portal.
  6509 | D:8      | Reached skill level 8 in Short Blades
  6535 | Bailey   | Entered a bailey
  6617 | Bailey   | Gained mutation: You heal very quickly. [potion of
                  | mutation]
  6617 | Bailey   | Gained mutation: You have large cloven feet. [potion of
                  | mutation]
  6617 | Bailey   | Gained mutation: Your flesh is cold resistant. (rC+)
                  | [potion of mutation]
  6824 | Bailey   | Reached skill level 1 in Necromancy
  7301 | Bailey   | Got a dazzling ring mail
  7489 | Bailey   | Identified the +1 ring mail of Suamniuv {-Tele MR+++ Regen+
                  | rCorr} (You found it in a bailey)
  7571 | D:8      | Reached skill level 1 in Throwing
  7603 | D:8      | Found a stormy altar of Qazlal.
  7603 | D:8      | Found a shadowy altar of Dithmenos.
  8112 | D:8      | Reached skill level 5 in Invocations
  8764 | D:9      | Reached skill level 5 in Dodging
  8764 | D:9      | Reached XP level 11. HP: 50/55 MP: 17/17
  8794 | D:9      | Noticed a brown ugly thing
  8811 | D:9      | Killed a brown ugly thing
  9324 | D:10     | Entered Level 10 of the Dungeon
  9372 | D:10     | Noticed Nergalle
  9396 | D:10     | Killed Nergalle
  9457 | D:10     | Noticed Josephine
  9472 | D:10     | Killed from afar by Josephine

Vault maps used:
D:1:      dpeg_arrival_tiny_k, serial_bayou_pond_e, supply_closet_lemuel,
          grunt_decor_fettered
D:2:      chequers_ecumenical_altar_twisty, first_ration
D:3:      cheibrodos_greedy_goblins, tso_altar, uniq_grinder, uniq_jessica
D:4:      kennysheep_little_box, minmay_temple_entry_large_hall, serial_shops,
          shop, uniq_duvessa, uniq_natasha, uniq_sigmund
D:5:      minivault_24, minmay_ruined_shrine
D:6:      nicolae_sextant
D:7:      overflow_temple_1_default, uniq_prince_ribbit1, uniq_joseph,
          uniq_pikel
D:8:      overflow_temple_1_default, gammafunk_temple_overflow_pools,
          enter_bailey_2
D:10:     uniq_fannar, uniq_josephine, uniq_nergalle
Temple:   eino_temple_rhombus
Bailey:   bailey_polearm_gnolls_kennysheep, bailey

Skill      XL: |  1  2  3  4  5  6  7  8  9 10 11 |
---------------+----------------------------------+-----
Short Blades   | 2 3 4 5 6 7 8 |  8.5
Armour         | 1 2 3 |  3.9
Fighting       | 2 3 4 5 |  5.2
Dodging        | 2 3 4 5 |  5.1
Stealth        | 1 2 4 6 7 |  7.1
Shields        | 1 2 3 |  3.5
Invocations    | 1 4 5 |  5.5
Necromancy     | 2 |  2.9
Throwing       | 1 |  1.3
Charms         | 4 |  4.6
Spellcasting   | 3 |  3.7
Evocations     | |  0.4

Action                   |  1- 3 |  4- 6 |  7- 9 | 10-12 || total
-------------------------+-------+-------+-------+-------++-------
Melee: Short sword       |    84 |   212 |   181 |       ||   477
       Bite              |    20 |    35 |   127 |   133 ||   315
       Rapier            |       |       |   249 |   390 ||   639
Throw: Javelin           |       |       |     2 |     3 ||     5
       Tomahawk          |       |       |       |    28 ||    28
       Throwing net      |       |       |       |     2 ||     2
Evoke: Wand              |       |       |     2 |    18 ||    20
  Use: Scroll            |     1 |     4 |     3 |     4 ||    12
       Potion            |       |     2 |       |     5 ||     7
 Stab: Sleeping          |       |     3 |     9 |     7 ||    19
       Paralysed         |       |       |    13 |     7 ||    20
       Distracted        |       |       |     1 |     1 ||     2
       Held in net/web   |       |       |       |     1 ||     1
  Eat: Chunk             |       |    24 |    12 |    14 ||    50
Armor: Leather armour    |    24 |    55 |    81 |    21 ||   181
       Skin              |       |    17 |       |       ||    17
       Ring mail         |       |       |       |    53 ||    53
Dodge: Dodged            |    53 |    73 |   173 |   195 ||   494
Block: Buckler           |       |    23 |    62 |    88 ||   173

Table legend:
 A = Non-vault XP
 B = Vault XP
 C = Vault XP percentage of total XP
 D = Non-vault monster count
 E = Vault monster count
 F = Vault count percentage of total count
                 A         B        C        D         E       F
            +---------+---------+-------+---------+---------+-------
      Total |    7098 |    3869 |  35.3 |     197 |      55 |  21.8
            +---------+---------+-------+---------+---------+-------
        D:1 |      28 |       0 |   0.0 |      13 |       0 |   0.0
        D:2 |      68 |       0 |   0.0 |      12 |       0 |   0.0
        D:3 |     112 |     320 |  74.1 |      23 |      15 |  39.5
        D:4 |     272 |     103 |  27.5 |      10 |       2 |  16.7
        D:5 |     850 |      93 |   9.9 |      27 |       4 |  12.9
        D:6 |     978 |       0 |   0.0 |      32 |       0 |   0.0
        D:7 |    1077 |    1374 |  56.1 |      23 |       3 |  11.5
        D:8 |    1994 |       0 |   0.0 |      31 |       0 |   0.0
        D:9 |    1471 |       0 |   0.0 |      22 |       0 |   0.0
       D:10 |     248 |     765 |  75.5 |       4 |       1 |  20.0
     Bailey |       0 |    1214 | 100.0 |       0 |      30 | 100.0
            +---------+---------+-------+---------+---------+-------
